 Dungeon Crawl Stone Soup version 0.30-a0-170-g85af917532 (webtiles) character file.

Game seed: 2002971960094642181

141 qw the Chopper (level 5, -1/32 HPs)
             Began as a Gargoyle Fighter on Oct 1, 2022.
             Slain by Sigmund
             ... wielding a +0 scythe
              (8 damage)
             ... on level 3 of the Dungeon.
             The game lasted 00:00:50 (2809 turns).

qw the Chopper (Gargoyle Fighter)                   Turns: 2809, Time: 00:00:51

Health: -1/32      AC: 10    Str: 21    XL:     5   Next: 24%
Magic:  5/5        EV:  9    Int:  9    God:
Gold:   137        SH:  4    Dex:  9    Spells: 4/4 levels left

rFire   . . .      SeeInvis .    Y - +1 war axe
rCold   . . .      Faith    .    c - +0 buckler
rNeg    + . .      Spirit   .    b - +0 scale mail
rPois   inf        Reflect  .    (no helmet)
rElec   +          Harm     .    (no cloak)
rCorr   .          Rampage  .    (no gloves)
Will    .....                    (no boots)
Stlth   ..........               (no amulet)
HPRegen 0.10/turn                (no ring)
MPRegen 0.09/turn                (no ring)

@: no status effects
A: sickness immunity, AC +4, negative energy resistance 1, electricity
resistance, torment resistance 1, petrification resistance
a: no special abilities


You were on level 3 of the Dungeon.
You visited 1 branch of the dungeon, and saw 3 of its levels.

You collected 137 gold pieces.


Innate Abilities, Weirdness & Mutations

You are immune to sickness and miasma.
Your stone body is resilient. (AC +4)
You are immune to poison.
You resist negative energy. (rN+)
You are resistant to electric shocks. (rElec)
You are resistant to unholy torment.
You are immune to petrification.


   Skills:
 - Level 3.2 Fighting
 + Level 4.8 Axes
 - Level 3.2 Armour
 - Level 3.2 Shields


You had 4 spell levels left.
You didn't know any spells.
Your spell library was empty.

Inventory:

Hand Weapons
 j - a +0 flail
 Y - a +1 war axe (weapon)
Armour
 b - a +0 scale mail (worn)
 c - a +0 buckler (worn)
 e - a +0 pair of gloves
Scrolls
 a - 2 scrolls of identify
 l - a scroll of amnesia {unknown}
 n - a scroll of brand weapon {unknown}
Potions
 d - a potion of might
 f - 2 potions of lignification {unknown}
 g - 2 potions of degeneration {unknown}
 h - a potion of berserk rage {unknown}
 i - a potion of flight {unknown}
 k - 2 potions of magic {unknown}
 m - a potion of mutation {unknown}

Dungeon Overview and Level Annotations

Branches:
Dungeon (3/15)

Altars:
Sif Muna

Annotations:
D:3 2 transporters, Sigmund; qw's ghost, amateur GrFi


Message History

There is an escape hatch in the floor here.
There is a stone staircase leading down here.
There is a stone staircase leading up here.
Found 9 stones.
Found a leather armour.
You see here 9 stones.
Found a stone staircase leading down.
k - 2 yellow potions (gained 1) As you open the door, it creaks loudly!
There is an open door here.
Sigmund the Dreaded comes into view.
He is wielding a +0 scythe.
Sigmund shouts!
Sigmund casts a spell at you. The magic dart hits you.
Enter note:
Enter note:
2798 ||| Stepping ~*~*~tactically~*~*~ (hiding).
You start resting.
Sigmund is nearby!
Sigmund casts a spell at you. You resist with some effort.
Sigmund hits you with a +0 scythe!
You slash Sigmund!
Sigmund is heavily wounded.
Sigmund hits you with a +0 scythe.
You barely miss Sigmund.
Sigmund is heavily wounded.
Sigmund hits you with a +0 scythe!
You barely miss Sigmund.
Sigmund is heavily wounded.
You block Sigmund's attack.
You hit Sigmund.
Sigmund is heavily wounded.
Sigmund hits you but does no damage.
You closely miss Sigmund.
Sigmund is heavily wounded.
You closely miss Sigmund.
Sigmund is heavily wounded.
Sigmund hits you with a +0 scythe!
You die...

#.##.######.##
#.##.# #.# #.##.#
#.# ##.##.######.##
#..............
######.#########.##
#......# #...
##.####### .....
#@....... .....
#@.###### ...##
#..# .. #..# . #..#
#..# #..# #..#


You could see Sigmund.

Vanquished Creatures
  An orc wizard (D:3)
  3 gnolls (D:2)
  2 adders
  A worm (D:3)
  A dart slug (D:3)
  2 orcs (D:3)
  3 ball pythons
  5 endoplasms
  A giant cockroach (D:3)
  6 goblins
  4 hobgoblins
  8 jackals (D:1)
  A kobold (D:1)
  3 quokkas
  7 bats
  A frilled lizard (D:2)
  9 rats
58 creatures vanquished.

Vanquished Creatures (others)
  An orc (D:3)
1 creature vanquished.

Grand Total: 59 creatures vanquished

Notes
Turn   | Place    | Note
-------+----------+-------------------------------------------
     0 | D:1      | qw the Gargoyle Fighter began the quest for the Orb.
     0 | D:1      | Reached XP level 1. HP: 14/14 MP: 1/1
     0 | D:1      | 0 ||| qw: Version: 0.2-a-13-gfc7b4b4
     0 | D:1      | 0 ||| qw: Game counter: 1731
     0 | D:1      | 0 ||| qw: Always use a shield: true
     0 | D:1      | 0 ||| qw: God list: Okawaru
     0 | D:1      | 0 ||| qw: Allow faded altars: false
     0 | D:1      | 0 ||| qw: Do Orc after D:15 true
     0 | D:1      | 0 ||| qw: Do second Lair branch before Depths: true
     0 | D:1      | 0 ||| qw: Lair rune preference: random
     0 | D:1      | 0 ||| qw: Plans: Normal, Zot:1-4, God:TSO, Crypt, Tomb,
                  | Pan, Slime:5, Hells, Abyss, Orb
     0 | D:1      | 0 ||| PLANNING D:1-11
   112 | D:1      | Reached skill level 2 in Axes
   112 | D:1      | You fall into a shaft and drop 1 floor!
   214 | D:2      | Found a faded altar of an unknown god.
   279 | D:2      | Reached XP level 2. HP: 19/19 MP: 2/2
   292 | D:2      | 292 ||| Stepping ~*~*~tactically~*~*~ (stealth).
   301 | D:2      | Reached skill level 3 in Axes
   301 | D:2      | Reached XP level 3. HP: 10/23 MP: 3/3
   301 | D:2      | HP: 3/23 [gnoll/+0 flail (7)]
   585 | D:2      | 585 ||| DROPPING +0 mace.
   644 | D:2      | 644 ||| READING scroll labelled GYESEA YHYIGRU.
   645 | D:2      | 645 ||| READING scroll labelled ROZOTZ ENADD.
   683 | D:1      | 683 ||| Stepping ~*~*~tactically~*~*~ (stealth).
   945 | D:1      | 945 ||| Stepping ~*~*~tactically~*~*~ (stealth).
  1060 | D:1      | 1060 ||| Stepping ~*~*~tactically~*~*~ (stealth).
  1083 | D:1      | 1083 ||| Stepping ~*~*~tactically~*~*~ (stealth).
  1086 | D:1      | 1086 ||| Stepping ~*~*~tactically~*~*~ (stealth).
  1166 | D:1      | Reached XP level 4. HP: 28/28 MP: 4/4
  1628 | D:1      | 1628 ||| READING scroll labelled BUACHO YTHAOGA.
  1674 | D:2      | Found a shimmering blue altar of Sif Muna.
  1764 | D:2      | Reached skill level 4 in Axes
  1935 | D:2      | 1935 ||| READING scroll labelled BONERA ELLUQ.
  1936 | D:2      | 1936 ||| DRINKING 2 white potions.
  2041 | D:3      | Noticed qw's ghost (amateur GrFi)
  2053 | D:3      | Found a transporter.
  2158 | D:3      | 2158 ||| DRINKING potion of curing.
  2158 | D:3      | 2158 ||| (to cure confusion)
  2163 | D:3      | Reached XP level 5. HP: 32/32 MP: 5/5
  2355 | D:3      | Found a transporter.
  2797 | D:3      | Noticed Sigmund
  2798 | D:3      | 2798 ||| Stepping ~*~*~tactically~*~*~ (hiding).
  2805 | D:3      | HP: 7/32 [Sigmund/+0 scythe (8)]
  2809 | D:3      | Slain by Sigmund

Levels and vault maps discovered:
D:1:      scummos_arrival_simple_crosswalls, layout_basic
D:2:      layout_rooms, basic_altar, basic_ecumenical_altar
D:3:      minmay_angry_zag, layout_basic, gammafunk_ghost_stat_death,
          uniq_sigmund

Skill      XL: |  1  2  3  4 |
---------------+-------------+-----
Axes           | 2 3 4 |  4.8
Fighting       | |  3.2
Armour         | |  3.2
Shields        | |  3.2

Action                   |  1- 3 |  4- 6 || total
-------------------------+-------+-------++-------
Melee: War axe           |    75 |    77 ||   152
  Use: Scroll            |     2 |     2 ||     4
       Potion            |       |     2 ||     2
Armor: Scale mail        |    39 |    26 ||    65
Dodge: Dodged            |    37 |    24 ||    61
Block: Buckler           |    17 |    10 ||    27

Table legend:
 A = Non-vault XP
 B = Vault XP
 C = Vault XP percentage of total XP
 D = Non-vault monster count
 E = Vault monster count
 F = Vault count percentage of total count
                 A         B        C        D         E       F
            +---------+---------+-------+---------+---------+-------
      Total |     187 |      15 |   7.4 |      57 |       2 |   3.4
            +---------+---------+-------+---------+---------+-------
        D:1 |      42 |       0 |   0.0 |      24 |       0 |   0.0
        D:2 |      78 |       0 |   0.0 |      19 |       0 |   0.0
        D:3 |      67 |      15 |  18.3 |      14 |       2 |  12.5
            +---------+---------+-------+---------+---------+-------
